 Dungeon Sprint DCSS version 0.31-a0-204-g7da18cac08 (webtiles) character file.

Game seed: 18341563942909998840

434 rocky1 the Spear-Bearer (level 7, -16/59 HPs)
             Began as a Merfolk Gladiator on June 28, 2023.
             Was an Initiate of Gozag.
             Demolished by a sun demon (17 damage)
             ... summoned by a kobold demonologist
             ... in the Dungeon (Sprint III: "The Ten Rune Challenge").
             The game lasted 00:02:08 (1173 turns).

rocky1 the Spear-Bearer (Merfolk Gladiator)         Turns: 1173, Time: 00:02:09

Health: -16/59     AC:  4    Str: 16    XL:     7   Next: 0%
Magic:  7/7        EV: 21    Int:  8    God:    Gozag
Gold:   171        SH:  0    Dex: 15    Spells: 6/6 levels left

rFire   . . .        a - +0 trident
rCold   . . .        (no shield)
rNeg    . . .        b - +0 leather armour
rPois   .            c - +0 helmet
rElec   .            (no cloak)
rCorr   .            (no gloves)
SInv    .            (boots currently unavailable)
Will    .....        (no amulet)
Stlth   +++          (no ring)
HPRegen 0.29/turn    (no ring)
MPRegen 0.10/turn

%: no teleportation
@: gold aura, very quick
A: nimble swimmer 2, mertail
a: Renounce Religion, Potion Petition, Call Merchant, Bribe Branch


You were in the Dungeon.
You worshipped Gozag.
Gozag was aware of your devotion.
You visited 1 branch You collected 171 gold pieces.

Inventory:

Hand Weapons
 a - a +0 trident (weapon)
Missiles
 d - 2 throwing nets (quivered)
 e - a javelin
Armour
 b - a +0 leather armour (worn)
 c - a +0 helmet (worn)
Scrolls
 k - a scroll of blinking
 l - a scroll of poison {unknown}
Potions
 f - 2 potions of curing
 i - 2 potions of magic
Miscellaneous
 h - a phial of floods (inert)


   Skills:
 + Level 6.7 Fighting
 + Level 12.7 Polearms
 + Level 4.8 Throwing
 + Level 1.5 Armour
 + Level 10.3 Dodging
 + Level 2.7 Stealth


You had 6 spell levels left.
You didn't know any spells.
Your spell library was empty.

Dungeon Overview and Level Annotations

Branches:
Dungeon (1/1)

Altars:
Cheibriados
Fedhas
Gozag
Hepliaklqana
Kikubaaqudgha
Makhleb
Nemelex Xobeh
Qazlal
Sif Muna
Vehumet
Xom
Jiyva
Lugonu


Innate Abilities, Weirdness & Mutations

You are very nimble when in or above water. (Stealth+, EV+, Speed+++)
Your lower body shifts to a powerful aquatic tail in water.


Message History

The kobold demonologist shouts!
The kobold demonologist mumbles some strange words.
There is an open door here.
You hit the sun demon but do no damage. You hit the sun demon.
The sun demon is lightly wounded.
The sun demon closely misses you.
You barely miss the sun demon.
The sun demon is lightly wounded.
The sun demon hits you.
You are engulfed in flames!!
The kobold demonologist casts a spell.
Unknown command.
Aim the phial where?
Press: ? - help, Shift-Dir - straight line, f - kobold demonologist
Aim: a kobold demonologist, wielding a +0 dagger and wearing a +0 robe The torrent of water hits the sun demon.
The sun demon is lightly wounded.
The sun demon is engulfed in water.
The wave splashes down.
The shadow imp is engulfed in water.
The sun demon barely misses you. The shadow imp hits you.
Unknown command.
Your legs become a tail as you enter the water.
Unknown command.
You feel much better. The sun demon hits you!!
You are engulfed in flames!
* * * LOW HITPOINT WARNING * * *
The sun demon hits you.
* * * LOW HITPOINT WARNING * * *
You are engulfed in flames!
* * * LOW HITPOINT WARNING * * *
Unknown command.
Okay, then.
You hit the sun demon.
The sun demon is moderately wounded.
The shadow imp is no longer waterlogged.
Unknown command.
You hit the sun demon.
The sun demon is moderately wounded.
The sun demon is no longer waterlogged.
The sun demon hits you!
You die...
Your body crumbles into a pile of gold.

.#...#### ##.# $ $ .#......##
#..# $ $ ##..)....# #..# $ $
.##.##...#$$#..###+#+###+##$$
.##.###..# +#..#..........#$$
####.##..# #...'.⌠........#$
$ ##..##..####...#...######'#
.†..##..###....#.⌠.#__#...#
#..##...##.....#@..#__#...#
..##....#......#3###__#...#
.###..##†#.....#5K$#__#...+
.# #..#####....#___#__'...#
▓▓ ▓▓▓▓ ▓▓▓▓▓▓▓▓▓▓▓▓▓▓▓▓▓


You could see a sun demon (summoned), a kobold demonologist and a shadow imp
(summoned).

Vanquished Creatures
  A shadow (D)
  A spatial vortex (D)
  A water elemental (D)
  A jelly (D)
  Jessica (D)
  A wizard (D)
  A human (D)
  A wolf (D)
  An endoplasm (D)
  2 rats (D)
11 creatures vanquished.

Notes
Turn   | Place    | Note
-------+----------+-------------------------------------------
     0 | D        | rocky1 the Merfolk Gladiator began the quest for the Orb.
     0 | D        | Reached XP level 1. HP: 16/16 MP: 1/1
    24 | D        | Noticed Jessica
    32 | D        | Killed Jessica
    33 | D        | Reached skill level 6 in Polearms
    33 | D        | Reached XP level 2. HP: 20/24 MP: 2/2
    33 | D        | Reached XP level 3. HP: 24/29 MP: 3/3
   101 | D        | Reached skill level 7 in Polearms
   101 | D        | Reached skill level 1 in Stealth
   101 | D        | Reached XP level 4. HP: 37/37 MP: 4/4
   109 | D        | Noticed a water elemental
   115 | D        | Killed a water elemental
   116 | D        | Reached skill level 8 in Polearms
   116 | D        | Reached XP level 5. HP: 43/43 MP: 5/5
   131 | D        | Noticed a shadow
   138 | D        | Reached skill level 9 in Polearms
   309 | D        | Killed a shadow
   310 | D        | Reached skill level 11 in Polearms
   310 | D        | Reached XP level 6. HP: 18/52 MP: 6/6
   540 | D        | Found a blossoming altar of Fedhas.
   540 | D        | Found a stormy altar of Qazlal.
   540 | D        | Found a snail-covered altar of Cheibriados.
   540 | D        | Found a burning altar of Makhleb.
   540 | D        | Found a shimmering altar of Xom.
   540 | D        | Noticed a spatial vortex
   541 | D        | Found a hazy altar of Hepliaklqana.
   541 | D        | Found an opulent altar of Gozag.
   541 | D        | Found a sparkling altar of Nemelex Xobeh.
   541 | D        | Found a corrupted altar of Lugonu.
   541 | D        | Found a viscous altar of Jiyva.
   545 | D        | Became a worshipper of Gozag Ym Sagoz the Greedy
   814 | D        | Killed a spatial vortex
   815 | D        | Reached skill level 12 in Polearms
   815 | D        | Reached skill level 1 in Armour
   815 | D        | Reached skill level 10 in Dodging
  1163 | D        | Found a radiant altar of Vehumet.
  1163 | D        | Found a shimmering blue altar of Sif Muna.
  1163 | D        | Found an ancient bone altar of Kikubaaqudgha.
  1165 | D        | Reached XP level 7. HP: 59/59 MP: 7/7
  1166 | D        | Noticed a sun demon
  1171 | D        | HP: 1/59 [sun demon[a kobold demonologist] (14)]
  1173 | D        | Demolished by a sun demon

Illustrated notes

Levels and vault maps discovered:
D:        dungeon_sprint_mu [sprint_mu_entry_cave, sprint_mu_temple_rooms,
          sprint_mu_d1_horrors, sprint_mu_d2_genie, sprint_mu_d3_branching,
          sprint_mu_orc_legion, sprint_mu_elf_gauntlet, sprint_mu_hive_nellie,
          sprint_mu_lair_fedhas, sprint_mu_vaults_butterflies,
          sprint_mu_slime_circle, sprint_mu_shoals_archi,
          sprint_mu_snake_twists, sprint_mu_blade_basic,
          sprint_mu_crypt_fortress, sprint_mu_tomb_spiral,
          sprint_mu_vestibule_basic, sprint_mu_gehenna_hellfire,
          sprint_mu_dis_giant, sprint_mu_tartarus_statrot,
          sprint_mu_cocytus_islands, sprint_mu_zot1]

Skill      XL: |  1  2  3  4  5  6 |
---------------+-------------------+-----
Fighting       | 3 4 6 |  6.7
Polearms       | 6 7 8 11 12 | 12.7
Dodging        | 6 7 9 10 | 10.3
Throwing       | 3 4 |  4.8
Stealth        | 1 2 |  2.7
Armour         | 1 |  1.5

Action                     |  1- 3 |  4- 6 |  7- 9 || total
---------------------------+-------+-------+-------++-------
  Melee: Trident           |    32 |    29 |     5 ||    66
         Punch             |       |     1 |       ||     1
  Throw: Throwing net      |     3 |       |       ||     3
  Evoke: Phial of floods   |       |       |     1 ||     1
    Use: Potion            |     1 |     1 |     1 ||     3
   Stab: Sleeping          |     1 |     1 |       ||     2
 Armour: Leather armour    |     4 |     1 |       ||     5
  Dodge: Dodged            |    16 |     4 |     2 ||    22

Table legend: (Time is in decaauts)
 A = Elapsed time spent in this place.
 B = Non-inter-level travel time spent in this place.
 C = Inter-level travel time spent in this place.
 D = Time resting spent in this place.
 E = Time spent auto-exploring this place.
 F = Levels seen in this place.
 G = Mean time per level.
                   A        B        C        D        E       F      G
               +--------+--------+--------+--------+--------+-----+--------+
         Total |   1161 |   1161 |      0 |    969 |     49 |   1 | 1161.0 |
       Dungeon |   1161 |   1161 |      0 |    969 |     49 |   1 | 1161.0 |
               +--------+--------+--------+--------+--------+-----+--------+

Top non-repeatable levels by time:
       D: 1161 daAuts
